AoeStats
← OTZ==3

Black Forest

510284528Analyzed
3v3 RM · 1d ago on Sep 30, 2026· 47m 29s· 6 players
Game mode
Random Map
Map size
Normal (6 player)
Population
200
Speed
Normal
Resources
Standard
Victory
Conquest
Starting age
Dark Age
Ending age
Imperial Age
RankedLock teamsTeams togetherTeam positionsShared explorationLock speedFull tech treeHidden civsTurbo modeCheats
Victory
Defeat
🇹🇷 Britons · Türkiye
816
+14
🇵🇬 Portuguese · Papua New Guinea
798
+15
🇳🇿 Vietnamese · New Zealand
739
+16
🇮🇩 Spanish · Indonesia
810
-17
🇹🇭 Franks · Thailand
767
-15
🇨🇳 Mongols · China
719
-13
cheo
1:41 Loom
14:07 Feudal Age
21:17 Castle Age
19:41 Double-Bit Axe
19:52 Gold Mining
19:53 Stone Mining
22:59 Husbandry
23:48 Gold Shaft Mining
23:29 Bow Saw
24:17 Caravan
27:38 Town Watch
32:12 Imperial Age
33:31 Scale Barding Armor
33:37 Forging
33:28 Cavalier
34:13 Squires
33:37 Pikeman
34:50 Paladin
36:47 Chivalry
37:23 Conscription
38:55 Town Patrol
39:32 Wheelbarrow
41:21 Scale Mail Armor
41:56 Iron Casting
41:43 Masonry
43:16 Chain Barding Armor
42:35 Onager
46:15 Plate Barding Armor
47:57 Blast Furnace
Nahida
10:45 Loom
13:38 Feudal Age
15:38 Double-Bit Axe
19:17 Wheelbarrow
18:28 Town Watch
18:25 Horse Collar
22:54 Castle Age
24:47 Padded Archer Armor
26:20 Husbandry
26:37 Leather Archer Armor
26:41 Bloodlines
27:18 Bow Saw
27:04 Fletching
29:46 Heavy Plow
35:15 Imperial Age
35:32 Elite Conquistador
37:43 Ring Archer Armor
38:32 Bodkin Arrow
41:01 Chemistry
43:06 Conscription
OTZ==3
2:36 Loom
xSlipperyx
0:33 Loom
13:38 Feudal Age
15:00 Wheelbarrow
14:20 Horse Collar
14:29 Double-Bit Axe
21:26 Castle Age
24:20 Bow Saw
24:06 Gold Mining
24:11 Stone Mining
25:44 Heavy Plow
30:31 Imperial Age
27:54 Town Watch
28:25 Hand Cart
29:32 Scale Mail Armor
29:42 Forging
29:23 Fletching
29:33 Padded Archer Armor
30:58 Ballistics
30:51 Squires
32:09 Stone Shaft Mining
31:42 Bodkin Arrow
32:58 Chain Mail Armor
34:03 Crop Rotation
35:42 Elite Fire Lancer
37:08 Paper Money
38:10 Chemistry
38:31 Siege Engineers
39:52 Two-Man Saw
39:37 Leather Archer Armor
40:04 Iron Casting
39:20 Elite Skirmisher
40:08 Thumb Ring
40:24 Bracer
40:57 Ring Archer Armor
39:55 Imperial Skirmisher
43:09 Plate Mail Armor
46:57 Arson
alpercetiner66
0:27 Loom
12:26 Feudal Age
19:33 Castle Age
17:47 Horse Collar
17:55 Double-Bit Axe
18:15 Gold Mining
18:38 Stone Mining
20:25 Heavy Plow
20:38 Bow Saw
21:44 Gold Shaft Mining
22:52 Wheelbarrow
22:03 Town Watch
24:25 Treadmill Crane
26:51 Hand Cart
27:35 Ballistics
27:27 Masonry
27:13 Murder Holes
27:46 Fortified Wall
29:18 Caravan
29:43 Town Patrol
31:19 Yeomen
30:57 Fletching
31:07 Padded Archer Armor
31:40 Coinage
32:25 Bodkin Arrow
32:45 Leather Archer Armor
37:00 Imperial Age
37:42 Bracer
38:12 Ring Archer Armor
38:43 Two-Man Saw
38:46 Chemistry
38:17 Architecture
37:33 Arrowslits
39:04 Conscription
39:21 Hoardings
38:41 Elite Longbowman
39:35 Warwolf
40:25 Banking
40:16 Guilds
44:51 Forging
44:41 Scale Mail Armor
LyricLearner240
1:40 Loom
11:43 Feudal Age
12:19 Double-Bit Axe
13:11 Horse Collar
13:22 Stone Mining
14:15 Fletching
17:39 Gold Mining
21:31 Castle Age
20:28 Padded Archer Armor
21:43 Crossbowman
22:31 Thumb Ring
23:19 Bodkin Arrow
24:48 Leather Archer Armor
27:11 Elite Skirmisher
38:30 Imperial Age
39:29 Ballistics
39:21 Fortified Wall
40:15 Chemistry
39:14 Murder Holes
39:30 Fortified Wall
41:05 Arbalester
Connection lost

Rejoining the realm…

Still unreachable

The connection could not be restored.

Session expired

The server has moved on; the page needs a fresh start.